 Dungeon Crawl Stone Soup version 0.27-a0-79-gcaaa221d37 (webtiles) character file.

Game seed: 17886719450775908049

675 lunkers the Gusty (level 7, -4/32 HPs)
             Began as a Spriggan Air Elementalist on Jan 14, 2021.
             Was a Follower of Vehumet.
             Killed from afar by Pikel (8 damage)
             ... with a puff of flame
             ... on level 5 of the Dungeon.
             The game lasted 00:07:40 (5402 turns).

lunkers the Gusty (Spriggan Air Elementalist)       Turns: 5402, Time: 00:07:41

Health: -4/32      AC:  2    Str:  4    XL:     7   Next: 33%
Magic:  3/17       EV: 18    Int: 24    God:    Vehumet [*.....]
Gold:   253        SH:  0    Dex: 17    Spells: 8/18 levels left

rFire    . . .     SeeInvis +   (weapon restricted)
rCold    . . .     Faith    .   (shield restricted)
rNeg     . . .     Spirit   .   a - +0 robe
rPois    .         Reflect  .   (helmet restricted)
rElec    .         Harm     .   (no cloak)
rCorr    .         Rampage  .   (gloves unavailable)
Will     +....                  (boots unavailable)
Stlth    ++........             (no amulet)
HPRegen  0.10/turn              j - +6 ring of intelligence
MPRegen  0.15/turn              (no ring)

@: very quick
A: very small, unfitting armour, see invisible, speed 3
a: Renounce Religion


You were on level 5 of the Dungeon.
You worshipped Vehumet.
Vehumet was aware of your devotion.
You visited 2 branches of the dungeon, and saw 6 of its levels.

You collected 253 gold pieces.

Inventory:

Armour
 a - a +0 robe (worn)
Jewellery
 j - a +6 ring of intelligence (left hand)
Scrolls
 b - a scroll of fear {unknown}
 c - a scroll of fog {unknown}
 e - a scroll of magic mapping {unknown}
 h - 2 scrolls of amnesia {unknown}
 k - 6 scrolls of remove curse {unknown}
 l - 2 scrolls of teleportation {unknown}
 m - a scroll of immolation {unknown}
 n - 2 scrolls of blinking {unknown}
 o - 2 scrolls of identify {unknown}
 p - 3 scrolls of enchant armour {unknown}
 q - a scroll of noise {unknown}
Potions
 d - 4 potions of brilliance {unknown}
 f - a potion of resistance {unknown}
 g - a potion of heal wounds {unknown}
 i - 2 potions of haste {unknown}


   Skills:
 - Level 3.0 Dodging
 - Level 3.0 Stealth
 + Level 6.1 Spellcasting
 - Level 0.6 Conjurations
 * Level 6.6 Air Magic


You had 8 spell levels left.
You knew the following spells:

 Your Spells              Type           Power        Failure   Level
a - Shock                 Conj/Air       96%          1%          1
b - Swiftness             Air            39%          1%          2
c - Static Discharge      Conj/Air       24%          5%          3
d - Airstrike             Air            19%          4%          4

Your spell library contained the following spells:

 Spells                   Type           Power        Failure   Level
 Freeze                   Ice            28%          8%          1
 Lightning Bolt           Conj/Air       12%          45%         5


Dungeon Overview and Level Annotations

Branches:
Dungeon (5/15)             Temple (1/1) D:4

Altars:
Ashenzari
Cheibriados
Dithmenos
Elyvilon
Fedhas
Hepliaklqana
Makhleb
Nemelex Xobeh
Qazlal
Ru
Sif Muna
Trog
Vehumet
Wu Jian
Xom
Yredelemnul
Zin
The Shining One

Shops:
D:4 (

Annotations:
D:3 Ijyb
D:5 Pikel


Innate Abilities, Weirdness & Mutations

You are very small and have problems with some larger weapons.
You are too small for most types of armour.
You have supernaturally acute eyesight. (SInv)
You cover ground extremely quickly.


Message History

The lemure is heavily wounded.
* * * LOW MAGIC WARNING * * *
Pikel zaps a wand.
The puff of flame hits you!
* * * LOW HITPOINT WARNING * * *
Casting: Shock (safe; 1% risk of failure)
Confirm with . or Enter, or press ? or * to list all spells.
Aiming: Shock (safe; 1% risk of failure)
Press: ? - help, Shift-Dir - straight line, f/p - Pikel
Aim: Pikel, wielding a +1 whip of freezing, wearing a +0 robe and carrying a wand of flame (17) (heavily wounded, 33% to evade)
The zap hits Pikel.
Pikel is severely wounded.
The zap hits the lemure.
The lemure is severely wounded.
* * * LOW MAGIC WARNING * * *
You aren't carrying any items that you can evoke.
Pikel zaps a wand.
The puff of flame hits you.
* * * LOW HITPOINT WARNING * * *
You see here a +0 flail.
Pikel zaps a wand.
The puff of flame hits you!
You die...

#.# #..##.#### ##.## ..#
#........# ##..# ## #.#
#.##..##.###..## .## #.#
####.###..#..##.###
.)#######.###....>..#..#....>.#
#..÷)..)..)))........#........#
########.##...........##......#
#.K............##..#####
#.##.....@.....###.#
##.##..........##...#
#K..#.#)..#...##..###
#...#....#.......##
#55..####.........# ...####
###.......# #†.## #....(..#
#..# #.......# ...# #.......#


You could see Pikel.

Vanquished Creatures
  A phantom (D:4)
  An ogre (D:5)
  2 lemures (D:5)
  2 howler monkeys (D:5)
  2 hounds (D:5)
  An orc wizard (D:5)
  An orc priest (D:3)
  A bullfrog skeleton (D:4)
  An iguana (D:5)
  A worker ant (D:4)
  A hound skeleton (D:5)
  5 adders
  4 gnolls (D:5)
  2 shadow imps (D:5)
  An ooze (D:3)
  7 worms
  2 dart slugs
  4 leopard geckos
  7 orcs
  A giant cockroach (D:3)
  10 goblins
  7 hobgoblins
  11 jackals (D:5)
  2 quokkas
  3 ball pythons
  A bat (D:3)
  5 frilled lizards
  8 kobolds
  A leopard gecko skeleton (D:4)
  A leopard gecko zombie (D:4)
  A quokka zombie (D:5)
  5 rats
102 creatures vanquished.

Notes
Turn   | Place    | Note
-------+----------+-------------------------------------------
     0 | D:1      | lunkers the Spriggan Air Elementalist began the quest for
                  | the Orb.
     0 | D:1      | Reached XP level 1. HP: 9/9 MP: 5/5
   296 | D:1      | Reached XP level 2. HP: 13/13 MP: 4/7
  1127 | D:2      | Reached XP level 3. HP: 16/16 MP: 0/8
  1976 | D:2      | Reached XP level 4. HP: 18/21 MP: 6/10
  2420 | D:3      | Found a sacrificial altar of Ru.
  3299 | D:3      | Reached XP level 5. HP: 14/24 MP: 0/12
  3504 | D:3      | Noticed Ijyb
  3509 | D:3      | Learned a level 2 spell: Swiftness
  3513 | D:3      | Learned a level 3 spell: Static Discharge
  3620 | D:4      | Found a staircase to the Ecumenical Temple.
  3632 | Temple   | Entered the Ecumenical Temple
  3805 | Temple   | Became a worshipper of Vehumet
  3964 | D:4      | Reached skill level 5 in Air Magic
  4066 | D:4      | Noticed a phantom
  4115 | D:4      | Killed a phantom
  4116 | D:4      | Reached skill level 5 in Spellcasting
  4116 | D:4      | Reached XP level 6. HP: 20/28 MP: 0/14
  4250 | D:4      | Found a broken altar of Ashenzari.
  4314 | D:4      | Found Tyluo's Antique Weapon Shoppe.
  4558 | D:4      | Found a glowing golden altar of the Shining One.
  4593 | D:5      | Entered Level 5 of the Dungeon
  4741 | D:5      | Learned a level 4 spell: Airstrike
  4856 | D:5      | Reached * piety under Vehumet
  4856 | D:5      | Offered knowledge of Freeze by Vehumet.
  4880 | D:5      | Reached XP level 7. HP: 32/32 MP: 1/16
  5380 | D:5      | Noticed Pikel
  5402 | D:5      | Killed from afar by Pikel

Illustrated notes

Levels and vault maps discovered:
D:1:      dpeg_arrival_pits, layout_rooms, amcnicky_mini_corridor_feature
D:2:      layout_basic
D:3:      layout_loops_cross, nicolae_ru_awakened_eye, uniq_crazy_yiuf_cottage,
          uniq_ijyb
D:4:      layout_loops_ring, evilmike_ruin_ashenzari,
          minmay_temple_entry_statues_fountains, serial_shops, shop,
          lemuel_statue_altar
D:5:      layout_rooms, grunt_ministairs_1, uniq_pikel
Temple:   eino_temple_scatter_basement

Skill      XL: |  1  2  3  4  5  6  7 |
---------------+----------------------+-----
Air Magic      | 3 4 5 6 |  6.6
Spellcasting   | 3 4 5 6 |  6.1
Dodging        | |  3.0
Stealth        | |  3.0
Conjurations   | |  0.6

Action                   |  1- 3 |  4- 6 |  7- 9 || total
-------------------------+-------+-------+-------++-------
Melee: Unarmed           |    32 |    15 |     6 ||    53
 Cast: Shock             |    90 |   150 |    54 ||   294
Armor: Robe              |       |     8 |       ||     8
Dodge: Dodged            |    46 |    38 |    10 ||    94

Table legend: (Time is in decaauts)
 A = Elapsed time spent in this place.
 B = Non-inter-level travel time spent in this place.
 C = Inter-level travel time spent in this place.
 D = Time resting spent in this place.
 E = Time spent auto-exploring this place.
 F = Levels seen in this place.
 G = Mean time per level.
                   A        B        C        D        E       F      G
               +--------+--------+--------+--------+--------+-----+--------+
         Total |   4517 |   4463 |     54 |    929 |   2914 |   6 |  752.8 |
       Dungeon |   4401 |   4366 |     35 |    929 |   2819 |   5 |  880.2 |
        Temple |    116 |     97 |     19 |      0 |     95 |   1 |  116.0 |
               +--------+--------+--------+--------+--------+-----+--------+

Top non-repeatable levels by time:
     D:1: 1027 daAuts
     D:2: 1012 daAuts
     D:3: 1012 daAuts
     D:4: 731 daAuts
     D:5: 617 daAuts
  Temple: 116 daAuts
